 Dungeon Crawl Stone Soup version 0.26.0-10-g1f06aea511 (webtiles) character file.

Game seed: 256900939716842276

153 vatarom the Conjurer (level 5, 0/38 HPs)
             Began as a Draconian Conjurer on Jan 18, 2021.
             Slain by a mummy (8 damage)
             ... in an ossuary.
             The game lasted 00:05:41 (3659 turns).

vatarom the Conjurer (Draconian Conjurer)           Turns: 3659, Time: 00:05:41

Health: 0/38       AC: 14    Str:  9    XL:     5   Next: 12%
Magic:  1/8        EV: 12    Int: 18    God:
Gold:   144        SH:  0    Dex: 11    Spells: 2/8 levels left

rFire    . . .     SeeInvis .   l - +0 short sword (protect)
rCold    + . .     Faith    .   (no shield)
rNeg     . . .     Spirit   .   (armour unavailable)
rPois    .         Reflect  .   (helmet restricted)
rElec    .         Harm     .   s - +0 cloak
rCorr    .         Rampage  .   n - +0 pair of gloves
Will     .....                  (no boots)
Stlth    ++........             (no amulet)
HPRegen  0.12/turn              c - ring of protection from cold
MPRegen  0.11/turn              (no ring)

@: protection aura, attractive
A: unfitting armour, cold-blooded, AC +5
a: no special abilities


You were in an ossuary.
You visited 1 branch of the dungeon, and saw 4 of its levels.
You also visited: Ossuary.

You collected 144 gold pieces.

Inventory:

Hand Weapons
 l - a +0 short sword of protection (weapon)
Missiles
 h - 5 javelins
Armour
 n - a +0 pair of gloves (worn)
 s - a +0 cloak (worn)
Jewellery
 c - a ring of protection from cold (left hand)
Wands
 a - a wand of polymorph (4)
Scrolls
 d - a scroll of fear {unknown}
 e - 2 scrolls of amnesia
 f - 2 scrolls of remove curse {unknown}
 g - 2 scrolls of identify {unknown}
 k - 2 scrolls of teleportation {unknown}
 m - 2 scrolls of random uselessness {unknown}
 o - a scroll of fog {unknown}
 q - a scroll of immolation {unknown}
Potions
 b - a potion of mutation {unknown}
 i - a potion of degeneration {unknown}
 r - a potion of ambrosia {unknown}


   Skills:
 - Level 0.5 Short Blades
 - Level 1.7 Dodging
 - Level 1.7 Stealth
 - Level 2.0 Spellcasting
 + Level 6.4 Conjurations


You had 2 spell levels left.
You knew the following spells:

 Your Spells              Type           Power        Failure   Level
a - Magic Dart            Conj           96%          1%          1
b - Searing Ray           Conj           48%          1%          2
c - Dazzling Flash        Conj/Hex       26%          14%         3

Your spell library contained the following spells:

 Spells                   Type           Power        Failure   Level
 Fulminant Prism          Conj/Hex       6%           43%         4
 Iskenderun's Mystic Bla  Conj/Tloc      13%          43%         4


Dungeon Overview and Level Annotations

Branches:
Dungeon (4/15)            Ossuary (1/1)
 Temple: D:4-7

Altars:

Annotations:
D:2 Sigmund
D:4 Eustachio


Innate Abilities, Weirdness & Mutations

Your plain brown scales are hard. (AC +5)
You cannot fit into any form of body armour.
You are cold-blooded and may be slowed by cold attacks.


Message History

You hit the mummy but do no damage.
The mummy is lightly damaged.
The gnoll zombie hits you but does no damage.
The human zombie hits you but does no damage.
The gnoll zombie hits you but does no damage.
The big kobold zombie hits you but does no damage.
The mummy hits you but does no damage.
You feel better.
The gnoll zombie hits you but does no damage.
The human zombie hits you but does no damage.
The gnoll zombie hits you.
The big kobold zombie hits you but does no damage.
It was a potion of attraction.
You feel attractive to monsters.
You feel less wooden.
Your +0 cloak unmelds from your body.
Your +0 pair of gloves unmelds from your body.
The gnoll zombie hits you. The human zombie hits you.
* * * LOW HITPOINT WARNING * * *
The mummy hits you!
You die...

########################
#$$#...........∩........
#$$#....................
##+#...Z.....#####......
#.....MZZ...............
#.....Z@................
#.....##Z..............#
#.....##.Z.............#
#.....Z..........Z......
#..#.Z..................
#..##M..................
#∩ #..........∩∩.......
#. ##...........M.......
# #....................


You could see a mummy, 2 gnoll zombies, 2 big kobold zombies, an elf zombie and
a human zombie.

Vanquished Creatures
  A mummy (Ossuary)
  4 gnolls (D:3)
  2 adders (D:3)
  A shadow imp (D:4)
  An ooze (D:3)
  A worm (D:2)
  2 dart slugs
  A leopard gecko (D:3)
  2 ball pythons (D:3)
  A giant cockroach (D:2)
  10 goblins
  4 hobgoblins
  6 jackals
  5 kobolds
  2 quokkas (D:2)
  9 bats
  A hobgoblin zombie (Ossuary)
  5 jackal zombies (Ossuary)
  5 rats
63 creatures vanquished.

Notes
Turn   | Place    | Note
-------+----------+-------------------------------------------
     0 | D:1      | vatarom the Draconian Conjurer began the quest for the Orb.
     0 | D:1      | Reached XP level 1. HP: 14/14 MP: 3/3
   380 | D:1      | Reached XP level 2. HP: 18/20 MP: 5/5
  1511 | D:2      | Learned a level 2 spell: Searing Ray
  1714 | D:2      | Reached XP level 3. HP: 24/26 MP: 4/6
  1907 | D:2      | Noticed Sigmund
  1990 | D:2      | Reached skill level 5 in Conjurations
  2588 | D:3      | Learned a level 3 spell: Dazzling Flash
  2606 | D:3      | Reached XP level 4. HP: 21/33 MP: 1/7
  2863 | D:3      | Reached skill level 6 in Conjurations
  3487 | D:4      | Noticed Eustachio
  3520 | D:4      | Found a sand-covered staircase.
  3552 | Ossuary  | Entered an ossuary
  3616 | Ossuary  | Reached XP level 5. HP: 35/38 MP: 6/8
  3659 | Ossuary  | Slain by a mummy

Illustrated notes

Levels and vault maps discovered:
D:1:      saegor_arrival_simple_e, layout_basic, minmay_tetromino_s4
D:2:      layout_basic, uniq_sigmund
D:3:      layout_rooms
D:4:      layout_rooms, general_overflow_altar, nicolae_overflow_crystal_walls,
          minmay_temple_entry_antechambers, enter_ossuary_1, uniq_eustachio
Ossuary:  ossuary_minmay_tomb_2a

Skill      XL: |  1  2  3  4 |
---------------+-------------+-----
Conjurations   | 5 6 |  6.4
Short Blades   | |  0.5
Dodging        | |  1.7
Stealth        | |  1.7
Spellcasting   | |  2.0

Action                   |  1- 3 |  4- 6 || total
-------------------------+-------+-------++-------
Melee: Dagger            |    37 |       ||    37
       Unarmed           |     2 |       ||     2
       Tailslap          |     2 |     3 ||     5
       Short sword       |    24 |    47 ||    71
 Cast: Magic Dart        |    56 |    45 ||   101
       Searing Ray       |     2 |     3 ||     5
 Abil: Stop Flying       |       |     5 ||     5
Evoke: Wand              |       |     2 ||     2
  Use: Scroll            |       |     1 ||     1
       Potion            |       |     3 ||     3
 Stab: Sleeping          |     2 |       ||     2
Armor: Skin              |    32 |   109 ||   141
Dodge: Dodged            |    58 |    78 ||   136
